 Dungeon Crawl Stone Soup version 0.22.1-6-g1668fe2 (webtiles) character file.

3125 infcreate the Thaumaturge (level 9, 0/45 HPs)
             Began as a Deep Elf Conjurer on Jan 16, 2019.
             Was a Believer of Vehumet.
             Slain by a troll (6 damage)
             ... on level 9 of the Dungeon.
             The game lasted 00:46:10 (8831 turns).

infcreate the Thaumaturge (Deep Elf Conjurer)       Turns: 8831, Time: 00:46:11

Health: 0/45       AC:  3    Str:  5    XL:     9   Next: 61%
Magic:  7/27       EV: 14    Int: 24    God:    Vehumet [**....]
Gold:   315        SH:  0    Dex: 15    Spells: 14/32 levels left

rFire    . . .     SeeInvis +   (no weapon)
rCold    . . .     Gourm    .   (no shield)
rNeg     . . .     Faith    +   a - +0 robe
rPois    .         Spirit   .   (no helmet)
rElec    .         Reflect  .   (no cloak)
rCorr    .         Harm     .   (no gloves)
MR       .....                  j - +0 pair of boots
Stlth    ++++......             k - amulet of faith
HPRegen  0.15/turn              b - ring of see invisible
MPRegen  0.20/turn              e - ring of stealth

@: no status effects
A: no striking features
a: Renounce Religion


You were on level 9 of the Dungeon.
You worshipped Vehumet.
Vehumet was pleased with you.
You were not hungry.

You visited 2 branches of the dungeon, and saw 10 of its levels.

You collected 392 gold pieces.
You spent 77 gold pieces at shops.

Inventory:

Armour
 a - a +0 robe (worn)
 j - a +0 pair of boots (worn)
Jewellery
 b - a ring of see invisible (left hand)
 e - a ring of stealth (right hand)
 f - an uncursed ring of fire
 k - an amulet of faith (around neck)
Scrolls
 g - a scroll of magic mapping
 h - a scroll of enchant armour {unknown}
 i - 3 scrolls of fog {unknown}
 l - 2 scrolls of fear {unknown}
 n - 6 scrolls of identify
 q - 3 scrolls of remove curse
Potions
 d - a potion of might {unknown}
 m - a potion of heal wounds {unknown}
 o - 2 potions of lignification {unknown}
 p - a potion of agility {unknown}
 r - 2 potions of mutation {unknown}
 s - a potion of invisibility {unknown}
Comestibles
 c - 19 rations
 t - 4 chunks of flesh


   Skills:
 + Level 3.4 Dodging
 + Level 5.5 Stealth
 + Level 12.0 Spellcasting
 + Level 10.6 Conjurations


You had 14 spell levels left.
You knew the following spells:

 Your Spells              Type           Power        Failure   Level  Hunger
a - Magic Dart            Conj           ####         1%          1    None
b - Searing Ray           Conj           ######       1%          2    None
c - Dazzling Spray        Conj/Hex       #####.       1%          3    None
d - Iskenderun's Mystic   Conj           ######..     1%          4    None
e - Force Lance           Conj/Tloc      #####...     4%          4    None
f - Fulminant Prism       Conj/Hex       #####.....   4%          4    None

Your spell library contained the following spells:

 Spells                   Type           Power        Failure   Level  Hunger
 Freeze                   Ice            ##..         4%          1    None
 Conjure Flame            Conj/Fire      #####...     1%          3    None
 Mephitic Cloud           Conj/Pois/Air  ####....     3%          3    None
 Blink                    Tloc           N/A          6%          2    None
 Call Imp                 Summ           ##......     6%          2    None
 Slow                     Hex            ##......     6%          2    None


Dungeon Overview and Level Annotations

Branches:
Dungeon (9/15)             Temple (1/1) D:7
   Lair: D:8-11         Orc: D:9-12

Altars:
Ashenzari
Cheibriados
Dithmenos
Elyvilon
Fedhas
Gozag
Hepliaklqana
Kikubaaqudgha
Makhleb
Nemelex Xobeh
Okawaru
Qazlal
Ru
Sif Muna
Trog
Uskayaw
Vehumet
Wu Jian
Xom
Yredelemnul
Zin
The Shining One

Shops:
D:6 ?

Annotations:
D:5 2 transporters, 1994's ghost, novice OgMo


Message History

The searing ray hits the troll.
The troll is heavily wounded.
The troll bites you. The troll completely misses you. The troll claws you.
The searing ray hits the troll.
The troll is severely wounded.
You finish channeling your searing ray.
The troll bites you!
* * * LOW HITPOINT WARNING * * *
The troll barely misses you. The troll closely misses you.
Casting: Searing Ray (safe; 1% risk of failure)
Confirm with . or Enter, or press ? or * to list all spells.
Aiming: Searing Ray (safe; 1% risk of failure)
Press: ? - help, Shift-Dir - straight line, f/p - troll
Aim: a troll (severely wounded)
The searing ray hits the troll.
The troll is severely wounded. (Press . to maintain the ray.)
The troll misses you. The troll claws you.
* * * LOW HITPOINT WARNING * * *
The troll claws you.
You die...

#..........#
#..........#
#..........#..
##............
#..........#..
#.รท........#..
#..........#
#T.........#
#@.........#
##........##
##......##
########


You could see a troll.

Vanquished Creatures
  A hornet (D:8)
  A basilisk (D:9)
  2 water moccasins
  An ice beast (D:6)
  2 sky beasts (D:7)
  An orc warrior (D:8)
  3 phantoms
  2 necrophages
  An ogre (D:6)
  3 centaurs
  2 bullfrogs
  A wyvern skeleton (D:9)
  2 oklob saplings (D:8)
  4 howler monkeys
  3 crimson imps
  6 hounds
  A jelly (D:8)
  An orc priest (D:7)
  2 iguanas
  4 orc wizards
  5 worker ants
  3 hound zombies
  A worker ant zombie (D:6)
  A howler monkey skeleton (D:4)
  8 gnolls (D:4)
  11 adders
  2 shadow imps
  An ooze (D:1)
  An adder zombie (D:8)
  3 worms
  2 dart slugs
  6 leopard geckos
  31 orcs
  9 ball pythons
  4 giant cockroaches
  10 goblins
  4 hobgoblins
  13 jackals
  4 quokkas (D:3)
  3 bats
  2 frilled lizards
  A jackal zombie (D:8)
  8 kobolds
  A quokka skeleton (D:5)
  4 rats
181 creatures vanquished.

Vanquished Creatures (others)
  A plant (D:8)
1 creature vanquished.

Grand Total: 182 creatures vanquished

Notes
Turn   | Place    | Note
-------+----------+-------------------------------------------
     0 | D:1      | infcreate the Deep Elf Conjurer began the quest for the
                  | Orb.
     0 | D:1      | Reached XP level 1. HP: 10/10 MP: 6/6
   299 | D:1      | Reached XP level 2. HP: 15/15 MP: 4/8
   303 | D:1      | Learned a level 2 spell: Searing Ray
   571 | D:1      | Reached skill level 5 in Conjurations
   803 | D:1      | Reached XP level 3. HP: 12/19 MP: 1/9
   971 | D:2      | Learned a level 3 spell: Dazzling Spray
  1305 | D:2      | Reached XP level 4. HP: 23/24 MP: 6/11
  1306 | D:2      | Reached skill level 4 in Spellcasting
  1313 | D:2      | Learned a level 4 spell: Iskenderun's Mystic Blast
  2011 | D:3      | Reached XP level 5. HP: 28/28 MP: 7/13
  2107 | D:3      | Found a sacrificial altar of Ru.
  2728 | D:4      | Reached skill level 5 in Spellcasting
  2815 | D:4      | Reached XP level 6. HP: 32/32 MP: 0/16
  3212 | D:4      | Reached skill level 6 in Spellcasting
  3346 | D:5      | Entered Level 5 of the Dungeon
  3401 | D:5      | Learned a level 4 spell: Force Lance
  3809 | D:5      | Reached XP level 7. HP: 34/36 MP: 6/19
  4031 | D:5      | Reached skill level 7 in Spellcasting
  4180 | D:5      | Found a transporter.
  4182 | D:5      | Found a transporter.
  4183 | D:5      | Noticed 1994's ghost (novice OgMo)
  4638 | D:6      | Reached skill level 8 in Spellcasting
  5135 | D:6      | Reached XP level 8. HP: 41/41 MP: 10/22
  5305 | D:6      | Found Peaf Eppuaqo's Magic Scroll Shoppe.
  5321 | D:6      | Bought a scroll of remove curse for 33 gold pieces
  5321 | D:6      | Bought a scroll of identify for 22 gold pieces
  5321 | D:6      | Bought a scroll of identify for 22 gold pieces
  5332 | D:6      | Found a snail-covered altar of Cheibriados.
  5334 | D:6      | Found a stormy altar of Qazlal.
  5444 | D:6      | Found an ornate altar of the Wu Jian Council.
  5447 | D:6      | Found an ancient bone altar of Kikubaaqudgha.
  5450 | D:6      | Found a burning altar of Makhleb.
  5570 | D:7      | Reached skill level 9 in Spellcasting
  5695 | D:7      | Found a staircase to the Ecumenical Temple.
  5754 | D:7      | Reached skill level 5 in Stealth
  5818 | Temple   | Entered the Ecumenical Temple
  5887 | Temple   | Became a worshipper of Vehumet
  6522 | D:7      | Reached skill level 10 in Spellcasting
  6931 | D:8      | Reached * piety under Vehumet
  6931 | D:8      | Offered knowledge of Sting by Vehumet.
  6937 | D:8      | Learned a level 4 spell: Fulminant Prism
  7288 | D:8      | Reached XP level 9. HP: 37/45 MP: 19/25
  7692 | D:8      | Found a blossoming altar of Fedhas.
  7718 | D:8      | Reached skill level 11 in Spellcasting
  7718 | D:8      | Reached skill level 10 in Conjurations
  7864 | D:8      | Offered knowledge of Freeze by Vehumet.
  8074 | D:8      | Reached ** piety under Vehumet
  8812 | D:9      | Reached skill level 12 in Spellcasting
  8813 | D:9      | Noticed a troll
  8831 | D:9      | Slain by a troll

Skill      XL: |  1  2  3  4  5  6  7  8  9 |
---------------+----------------------------+-----
Conjurations   | 5 6 7 8 9 10 | 10.6
Spellcasting   | 4 5 6 8 10 12 | 12.0
Stealth        | 3 4 5 |  5.5
Dodging        | 3 |  3.4

Action                   |  1- 3 |  4- 6 |  7- 9 || total
-------------------------+-------+-------+-------++-------
Melee: Unarmed           |     1 |       |    28 ||    29
 Cast: Magic Dart        |    51 |   110 |   126 ||   287
       Searing Ray       |     3 |    13 |    26 ||    42
       Iskenderun's Myst |       |    19 |    51 ||    70
  Use: Scroll            |     3 |     4 |     2 ||     9
  Eat: Chunk             |     1 |    10 |    14 ||    25
       Ration            |       |       |     1 ||     1
Armor: Robe              |     1 |     3 |     2 ||     6
Dodge: Dodged            |    10 |     1 |    42 ||    53
